AoeStats
← Big Matthew

Four Lakes

509478114Analyzed
1v1 RM · 6d ago on Sep 26, 2026· 44m 54s· 2 players
Game mode
Random Map
Map size
Tiny (2 player)
Population
200
Speed
Normal
Resources
Standard
Victory
Conquest
Starting age
Dark Age
Ending age
Imperial Age
RankedLock teamsTeams togetherTeam positionsShared explorationLock speedFull tech treeHidden civsTurbo modeCheats
Victory
Defeat
🇵🇪 Tatars · Peru
492
+17
🇺🇸 Japanese · United States
521
-17
Rocker
3:33 Loom
11:43 Feudal Age
12:17 Double-Bit Axe
14:24 Fishing Lines
19:27 Castle Age
18:13 Horse Collar
18:41 Padded Archer Armor
20:55 Fletching
27:11 Leather Archer Armor
27:03 Scale Barding Armor
27:31 Gillnets
30:40 Bow Saw
33:59 Imperial Age
33:57 Ballistics
36:06 Heavy Cavalry Archer
37:57 Chemistry
37:44 Heavy Scorpion
42:00 Timurid Siegecraft
41:55 Silk Armor
43:20 Ring Archer Armor
42:46 Bodkin Arrow
Big Matthew
7:21 Loom
11:06 Feudal Age
16:15 Castle Age
15:11 Scale Mail Armor
16:31 Scale Barding Armor
16:30 Horse Collar
19:25 Double-Bit Axe
20:11 Man-at-Arms
21:52 Wheelbarrow
22:58 Hand Cart
22:33 Elite Skirmisher
25:36 Town Watch
27:32 Thumb Ring
27:33 Fletching
29:22 Padded Archer Armor
30:47 Leather Archer Armor
30:47 Gold Mining
31:35 Pikeman
32:18 Fishing Lines
33:39 Squires
33:46 Heavy Plow
35:48 Forging
35:41 Husbandry
38:49 Bloodlines
38:30 Light Cavalry
43:06 Imperial Age
41:25 Masonry
41:32 Bodkin Arrow
44:56 Conscription
Connection lost

Rejoining the realm…

Still unreachable

The connection could not be restored.

Session expired

The server has moved on; the page needs a fresh start.